 Dungeon Crawl Stone Soup version 0.13.0-18-g7b03ea5 (webtiles) character file.

9928 4tharraofdagon the Cleaver (level 11, 3/147 HPs)
             Began as a Troll Berserker on Oct 22, 2013.
             Was a High Priest of Trog.
             Quit the game on Level 12 of the Dungeon.
             The game lasted 00:21:13 (3460 turns).

4tharraofdagon the Cleaver (Troll Berserker)        Turns: 3460, Time: 00:21:13

HP   3/147       AC  9     Str 35      XL: 11   Next: 26%
MP  20/20        EV 10     Int  1      God: Trog [*****.]
Gold 266         SH  0     Dex  9      Spells:  0 memorised, 10 levels left

Res.Fire  : . . .   See Invis. : +   U - +0,+3 orc battleaxe
Res.Cold  : . . .   Warding    : .   w - +4 robe of Night {+Inv MR+ SInv Stlth+}
Life Prot.: . . .   Conserve   : .   (shield restricted)
Res.Poison: .       Res.Corr.  : .   (helmet restricted)
Res.Elec. : .       Clarity    : .   (no cloak)
Sust.Abil.: . .     Spirit.Shd : .   (gloves unavailable)
Res.Mut.  : .       Stasis     : .   (boots unavailable)
Res.Rott. : .       Flight     : .   (no amulet)
Gourmand  : +                        C - cursed -2 ring of intelligence
                                     N - ring of magical power

@: berserking, very quick, quite resistant to hostile enchantments, extremely
unstealthy
A: unfitting armour, claws 3, fast metabolism 3, gourmand, regeneration 2,
saprovore 2, tough skin 2, AC +1
a: Burn Spellbooks, Berserk, Trog's Hand, Brothers in Arms, Renounce Religion,
Evoke Invisibility


You were on level 12 of the Dungeon.
You worshipped Trog.
Trog was extremely pleased with you.
You were very full.

You visited 1 branch of the dungeon, and saw 13 of its levels.

You collected 405 gold pieces.
You spent 159 gold pieces at shops.

Inventory:

Hand weapons
 a - a +0,-2 hand axe {=f}
 l - a +0,+0 orcish hand axe
 p - a -1,-1 orcish hand axe
 t - a +2,+2 bow of evasion
 G - a +1,+3 hand axe
 J - a +0 blowgun
 M - a +0,+0 war axe
 P - a +1,+2 orcish war axe
 U - a +0,+3 orcish battleaxe (weapon)
Missiles
 q - 5 javelins (quivered)
 y - 2 exploding darts
Armour
 b - a +0 animal skin
 w - the +4 robe of Night (worn) {+Inv MR+ SInv Stlth+}
   (You found it on level 6 of the Dungeon)

   It affects your resistance to hostile enchantments.
   It enhances your eyesight.
   It lets you turn invisible.
   It makes you much more stealthy.
 K - a +0 large shield
Magical devices
 E - a wand of flame (13)
 L - a wand of enslavement (6)
 O - a wand of confusion (13)
Comestibles
 c - 5 meat rations
 j - 7 bread rations
 n - a cheese
 H - a choko
Scrolls
 d - a scroll of enchant armour {unknown}
 f - 3 scrolls of enchant weapon II {unknown}
 g - 3 scrolls of teleportation
 k - a scroll of random uselessness {unknown}
 m - 9 scrolls of remove curse {unknown}
 o - 2 scrolls of fog
 z - a scroll of blinking
 A - a scroll of curse armour
 B - a scroll of amnesia {unknown}
 D - 5 scrolls of fear {unknown}
 F - 3 scrolls of enchant weapon I {unknown}
 I - 2 scrolls of magic mapping {unknown}
Jewellery
 e - an uncursed ring of teleport control
 C - a cursed -2 ring of intelligence (right claw)
 N - a ring of magical power (left claw)
Potions
 h - a potion of invisibility {unknown}
 i - 2 potions of curing {unknown}
 r - a potion of paralysis
 s - a potion of heal wounds
 u - a potion of brilliance
 v - a potion of restore abilities
 x - a potion of might
 S - a potion of berserk rage {unknown}
 V - a potion of magic {unknown}
Miscellaneous
 Q - a phial of floods
 R - a box of beasts
 T - a bottled efreet


   Skills:
 - Level 2.4 Fighting
 * Level 13.8 Axes
 - Level 2.6 Dodging
 + Level 4.4 Evocations


You had 10 spell levels left.
You didn't know any spells.

Dungeon Overview and Level Annotations

Branches:
Dungeon (13/27)
 Temple: D:4-7          Orc: D:6-11        Lair: D:8-13

Altars:
Okawaru

Shops:
D:6 ?

Annotations:
D:12 exclusion: silver statue


Innate Abilities, Weirdness & Mutations

You are too large for most types of armour.
You have claws for hands.
Your metabolism is lightning-fast.
You like to eat raw meat.
You heal very quickly.
You can eat rotten meat.
You are covered in fur (AC +1).
You have very tough skin (AC +2).


Message History

* * * LOW HITPOINT WARNING * * *
The sixfirhy hits you.
* * * LOW HITPOINT WARNING * * *
The sixfirhy shocks you!
* * * LOW HITPOINT WARNING * * *
The silver statue's eyes glow dark chartreuse.
You closely miss the rotting devil.
The rotting devil is heavily wounded.
The sixfirhy hits you.
* * * LOW HITPOINT WARNING * * *
The sixfirhy shocks you!
* * * LOW HITPOINT WARNING * * *
The sixfirhy hits you but does no damage.
The rotting devil hits you but does no damage.
The sixfirhy hits you but does no damage.
The silver statue's eyes glow pulsating gridelin.
Unknown command.
Unknown command.
Unknown command.
Are you sure you want to abandon this character and quit the game? (Confirm with "yes".)

##.....##.##.
#............
#.##.........#
..###.#%###.# ###
#.#...#
#####.##..#########
......##...≈.≈.§≈≈#
########≈.≈.≈.≈4.≈#
#########@≈#
#45#..# 84.#.≈#
5#[$#..# ###$≈#<.
..≈#. ≈≈≈


You could see a silver statue, an orange demon, a sixfirhy, a rotting devil, an
iron imp and a shadow imp.

Vanquished Creatures
  Joseph (D:10)
  A hill giant (D:10)
  A feature mimic (D:11)
  A troll (D:12)
  4 two-headed ogres (D:13)
  20 yaks
  2 sharks (D:13)
  3 vampire mosquitoes (D:12)
  A hippogriff (D:10)
  A wolf (D:13)
  A manticore (D:13)
  2 ice beasts
  5 orc warriors
  2 sky beasts
  3 ogres
  A crocodile (D:10)
  A giant frog (D:8)
  A centaur (D:6)
  A big kobold (D:9)
  A warg (D:11)
  A jellyfish (D:13)
  6 hounds
  2 crimson imps
  6 wights
  3 jellies
  A giant frog zombie (D:7)
  6 orc wizards
  3 orc priests (D:11)
  2 worker ants
  An iguana (D:11)
  4 scorpions
  A two-headed ogre skeleton (D:7)
  A hound zombie (D:8)
  3 adders
  6 gnolls
  A lemure (D:12)
  2 giant mites
  An adder zombie (D:6)
  A giant eyeball (D:8)
  A giant gecko (D:1)
  49 orcs
  5 bats
  3 giant cockroaches (D:2)
  9 goblins
  13 hobgoblins
  12 jackals
  2 quokkas
  A ball python (D:7)
  2 giant newts
  2 goblin zombies (D:6)
  18 kobolds
  2 kobold skeletons
  2 orc zombies (D:6)
  5 rats
230 creatures vanquished.

Vanquished Creatures (collateral kills)
  The ghost of pictorio the Grappler, an experienced TrMo of Okawaru (D:8)
  An ogre mage (D:13)
2 creatures vanquished.

Grand Total: 232 creatures vanquished

Notes
Turn   | Place    | Note
--------------------------------------------------------------
     0 | D:1      | 4tharraofdagon, the Troll Berserker, began the quest for the Orb.
     0 | D:1      | Reached XP level 1. HP: 23/23 MP: 0/0
    55 | D:1      | Reached XP level 2. HP: 18/31 MP: 0/0
    60 | D:1      | Reached skill level 3 in Axes
   136 | D:1      | Acquired Trog's second power
   172 | D:1      | Reached XP level 3. HP: 37/37 MP: 1/1
   443 | D:3      | Reached skill level 4 in Axes
   443 | D:3      | Reached XP level 4. HP: 26/46 MP: 1/1
   518 | D:3      | You fall through a shaft!
   518 | D:5      | Entered Level 5 of the Dungeon
   545 | D:4      | Reached XP level 5. HP: 48/53 MP: 1/1
   597 | D:5      | Found an iron altar of Okawaru.
   661 | D:5      | Reached skill level 5 in Axes
   748 | D:6      | Found an iron altar of Okawaru.
   750 | D:6      | Noticed an orc warrior
   764 | D:6      | Killed an orc warrior
   764 | D:6      | Reached XP level 6. HP: 57/61 MP: 2/2
   802 | D:6      | Noticed a centaur
   802 | D:6      | Noticed an ice beast
   815 | D:6      | Killed an ice beast
   815 | D:6      | Reached skill level 6 in Axes
   817 | D:6      | Killed a centaur
   925 | D:6      | Reached XP level 7. HP: 65/68 MP: 2/2
  1043 | D:6      | Acquired Trog's third power
  1201 | D:6      | Found Mahip's Magic Scroll Emporium.
  1240 | D:6      | Reached skill level 7 in Axes
  1279 | D:6      | Bought a scroll of blinking for 60 gold pieces
  1279 | D:6      | Bought a scroll of teleportation for 33 gold pieces
  1279 | D:6      | Bought a scroll of identify for 22 gold pieces
  1279 | D:6      | Bought a scroll of curse armour for 22 gold pieces
  1279 | D:6      | Bought a scroll of fog for 22 gold pieces
  1560 | D:8      | Paralysed by a giant eyeball for 2 turns
  1580 | D:8      | Reached skill level 8 in Axes
  1601 | D:8      | Noticed pictorio's ghost (experienced TrMo)
  1639 | D:8      | Reached XP level 8. HP: 72/76 MP: 2/2
  1698 | D:8      | Killed pictorio's ghost
  1698 | D:8      | Reached skill level 9 in Axes
  1857 | D:9      | Reached skill level 10 in Axes
  1864 | D:9      | Reached XP level 9. HP: 33/83 MP: 3/3
  2031 | D:10     | Entered Level 10 of the Dungeon
  2041 | D:10     | Reached skill level 11 in Axes
  2128 | D:10     | Noticed Joseph
  2140 | D:10     | Killed Joseph
  2179 | D:10     | Noticed a hill giant
  2196 | D:10     | Killed a hill giant
  2334 | D:10     | Reached skill level 12 in Axes
  2449 | D:11     | Reached XP level 10. HP: 87/92 MP: 3/3
  2586 | D:11     | Received a gift from Trog
  2590 | D:11     | :(
  2596 | D:11     | Daniel: try the war axe
  2618 | D:11     | 4tharraofdagon: what?
  2623 | D:11     | Daniel: that
  2628 | D:11     | Daniel: well
  2647 | D:11     | 4tharraofdagon: thx
  2712 | D:11     | Found a staircase to the Orcish Mines.
  2727 | D:11     | the staircase to the Orcish Mines was a mimic.
  2735 | D:11     | Reached skill level 1 in Evocations
  2888 | D:12     | Reached skill level 13 in Axes
  2936 | D:13     | Noticed a centaur warrior
  3112 | D:13     | Noticed an ogre mage
  3126 | D:13     | Reached XP level 11. HP: 27/98 MP: 9/9
  3157 | D:12     | Daniel: look, only trident and halberds on all wights
  3217 | D:12     | 4tharraofdagon: im not even surprised
  3280 | D:12     | Daniel: at least you find axes too
  3308 | D:13     | Killed an ogre mage
  3458 | D:12     | Noticed a sixfirhy
  3459 | D:12     | HP: 3/147 [sixfirhy[a silver statue] (9)]
  3460 | D:12     | 4tharraofdagon: yea
  3460 | D:12     | Quit the game

Action                   |  1- 3 |  4- 6 |  7- 9 | 10-12 || total
-------------------------+-------+-------+-------+-------++-------
Melee: Hand axe          |    99 |    93 |   237 |       ||   429
       War axe           |       |       |    14 |   165 ||   179
       Battleaxe         |       |       |       |    49 ||    49
Invok: Berserk           |     1 |     3 |    11 |     8 ||    23
       Trog's Hand       |       |     2 |       |     6 ||     8
       Brothers in Arms  |       |       |     1 |     1 ||     2
Evoke: Wand              |       |       |     3 |     2 ||     5
  Use: Scroll            |       |       |     3 |     1 ||     4
 Stab: Sleeping          |       |       |     3 |       ||     3
